 Dungeon Crawl Stone Soup version 0.23-a0-54-gae6112e (webtiles) character file.

295 mopl the Sneak (level 6, 0/41 HPs)
             Began as a Formicid Enchanter on Aug 8, 2018.
             Slain by an adder (1 damage)
             ... in a sewer.
             The game lasted 00:07:10 (3511 turns).

mopl the Sneak (Formicid Enchanter)                 Turns: 3511, Time: 00:07:11

Health: 0/41       AC:  5    Str: 13    XL:     6   Next: 61%
Magic:  2/11       EV: 12    Int: 14    God:
Gold:   97         SH:  0    Dex: 13    Spells: 2/11 levels left

rFire    . . .     SeeInvis +   a - +1 dagger
rCold    . . .     Gourm    .   (no shield)
rNeg     . . .     Faith    .   j - +1 robe {MR+}
rPois    .         Spirit   .   (helmet unavailable)
rElec    .         Reflect  .   o - +1 cloak
rCorr    .         Harm     .   (no gloves)
MR       +....                  (no boots)
Stlth    +++.......             (no amulet)
HPRegen  0.13/turn              (no ring)
MPRegen  0.12/turn              (no ring)

@: very slightly contaminated
A: permanent stasis, dig shafts and tunnels, four strong arms, antennae 3
a: Dig, Shaft Self


You were in a sewer.
You were very hungry.

You visited 1 branch of the dungeon, and saw 3 of its levels.
You also visited: Sewer.

You collected 97 gold pieces.

Inventory:

Hand Weapons
 a - a +1 dagger (weapon)
Missiles
 q - 9 poisoned needles
Armour
 j - a +1 robe of magic resistance (worn)
 o - a +1 cloak (worn)
Wands
 k - a wand of flame (26)
Scrolls
 b - 2 scrolls of remove curse
 g - a scroll of noise {unknown}
 i - a scroll of teleportation {unknown}
 l - a scroll of enchant armour {unknown}
Potions
 e - a potion of mutation {unknown}
 f - a potion of ambrosia {unknown}
 h - a potion of might {unknown}
 m - a potion of degeneration {unknown}
 n - a potion of heal wounds {unknown}
Comestibles
 d - 9 rations


   Skills:
 - Level 1.0 Short Blades
 - Level 1.7 Dodging
 * Level 5.9 Stealth
 + Level 3.4 Spellcasting
 * Level 5.6 Hexes
 + Level 1.9 Ice Magic


You had 2 spell levels left.
You knew the following spells:

 Your Spells              Type           Power        Failure   Level  Hunger
a - Corona                Hex            ###....      1%          1    #......
b - Ensorcelled Hibernat  Hex/Ice        ##....       6%          2    ##.....
c - Confuse               Hex            ###.....     6%          3    ###....
d - Tukima's Dance        Hex            ###.....     6%          3    ###....

Your spell library contained the following spells:

 Spells                   Type           Power        Failure   Level  Hunger
 Dazzling Spray           Conj/Hex       ##....       19%         3    ###....


Dungeon Overview and Level Annotations

Branches:
Dungeon (3/15)

Altars:
Trog


Innate Abilities, Weirdness & Mutations

You cannot be hasted, slowed, berserked, paralysed or teleported.
You can dig through walls and to a lower floor.
Your four strong arms can wield two-handed weapons with a shield.
You have a pair of large antennae on your head. (SInv)


Message History

Aim: a bullfrog (severely wounded, chance to defeat MR: 49%)
The bullfrog resists with some effort.
The bullfrog completely misses you. The adder closely misses you.
Casting: Confuse (safe; 6% risk of failure)
Confirm with . or Enter, or press ? or * to list all spells.
Aiming: Confuse (safe; 6% risk of failure)
Press: ? - help, Shift-Dir - straight line, f/p - bullfrog
Aim: a bullfrog (severely wounded, chance to defeat MR: 49%)
The bullfrog appears confused.
The adder misses you.
Unknown command.
Casting: Confuse (safe; 6% risk of failure)
Confirm with . or Enter, or press ? or * to list all spells.
Aiming: Ensorcelled Hibernation (safe; 6% risk of failure)
Press: ? - help, Shift-Dir - straight line, f - adder, p - bullfrog
Aim: an adder (chance to defeat MR: 52%)
The adder resists with significant effort.
The adder bites you.
* * * LOW HITPOINT WARNING * * *
The adder bites you.
You die...

≈≈##≈≈≈##
≈≈≈≈..≈≈≈##≈≈≈##≈≈≈##
≈≈#≈≈≈≈#{
≈≈.$)...≈≈#≈≈≈.#≈≈≈.# ≈≈#.≈≈.#
≈≈≈.?.?.≈.#≈†≈.#≈≈.∩# .≈#≈≈≈≈#
..≈≈≈(≈≈.≈#.≈≈≈#≈≈..#
≈≈##≈≈≈##
Sl≈≈≈≈..≈.#≈≈≈##..≈##
≈≈≈#≈≈≈.##
≈≈≈≈≈≈≈.≈.#≈≈≈#≈≈≈≈#
.≈≈##≈≈≈.### #†≈##≈.##≈≈≈##
≈.≈≈##.≈.≈≈#######F.#≈≈##≈≈≈≈#
#.≈≈≈###≈≈≈≈≈≈≈≈@.≈##≈≈#.≈≈≈##
##≈≈≈≈≈####≈≈≈≈≈≈S.#≈≈≈≈†≈≈##
##≈≈≈≈.≈≈#.∩≈#######≈≈≈####
#####≈.≈.#####≈≈≈≈≈#≈≈##
#∩≈≈####≈.≈≈≈.≈≈..≈####
#≈...≈#########≈.≈#
###.∩..≈≈≈≈.≈≈≈≈≈≈#
#####..≈≈≈≈.≈≈≈.#
#############


You could see a bullfrog (confused) and an adder.

Vanquished Creatures
  4 adders (D:2)
  25 oozes
  A worm (D:3)
  A dart slug (D:1)
  9 leopard geckos
  7 bats
  17 giant cockroaches
  3 goblins
  4 hobgoblins
  16 jackals
  A kobold (D:1)
  14 ball pythons (Sewer)
  9 frilled lizards
  10 rats
121 creatures vanquished.

Vanquished Creatures (collateral kills)
  Crazy Yiuf (D:2)
1 creature vanquished.

Grand Total: 122 creatures vanquished

Notes
Turn   | Place    | Note
-------+----------+-------------------------------------------
     0 | D:1      | mopl the Formicid Enchanter began the quest for the Orb.
     0 | D:1      | Reached XP level 1. HP: 13/13 MP: 3/3
    61 | D:1      | Reached XP level 2. HP: 15/19 MP: 5/5
    82 | D:1      | Reached skill level 4 in Stealth
    92 | D:1      | Reached skill level 4 in Hexes
   111 | D:1      | Learned a level 2 spell: Ensorcelled Hibernation
   409 | D:1      | Reached XP level 3. HP: 23/24 MP: 6/6
   417 | D:1      | Learned a level 3 spell: Confuse
  1358 | D:2      | Reached XP level 4. HP: 30/30 MP: 8/8
  1576 | D:2      | Found a faded altar of an unknown god.
  1589 | D:2      | Reached skill level 1 in Ice Magic
  1756 | D:2      | Reached skill level 3 in Spellcasting
  1756 | D:2      | Reached XP level 5. HP: 17/35 MP: 3/9
  1981 | D:2      | Found a bloodstained altar of Trog.
  1987 | D:2      | Learned a level 3 spell: Tukima's Dance
  2086 | D:2      | Found a runed door.
  2090 | D:2      | Noticed Crazy Yiuf
  2096 | D:2      | Killed Crazy Yiuf
  2096 | D:2      | Reached skill level 5 in Stealth
  2239 | D:3      | Reached skill level 5 in Hexes
  2256 | D:3      | Found a glowing drain.
  2316 | Sewer    | Entered a sewer
  2565 | Sewer    | Reached XP level 6. HP: 25/41 MP: 10/10
  3511 | Sewer    | HP: 1/41 [adder (3)]
  3511 | Sewer    | Slain by an adder

Vault maps used:
D:1:      dpeg_arrival_prison
D:2:      lemuel_coloured_pillars_altar, chequers_ecumenical_altar_simple_redux,
          first_ration, uniq_crazy_yiuf_cottage
D:3:      eat_drink_and_be_merry_uskayaw, portal_sewer_entry_f
Sewer:    sewer_frog_island_02

Skill      XL: |  1  2  3  4  5 |
---------------+----------------+-----
Stealth        | 4 5 |  5.9
Hexes          | 4 5 |  5.6
Ice Magic      | 1 |  1.9
Spellcasting   | 3 |  3.4
Short Blades   | |  1.0
Dodging        | |  1.7

Action                   |  1- 3 |  4- 6 || total
-------------------------+-------+-------++-------
Melee: Dagger            |   135 |   412 ||   547
 Cast: Corona            |     2 |       ||     2
       Ensorcelled Hiber |     4 |    22 ||    26
       Tukima's Dance    |       |     1 ||     1
       Confuse           |       |     2 ||     2
 Abil: Dig               |     1 |       ||     1
  Use: Scroll            |       |     1 ||     1
       Potion            |       |     1 ||     1
 Stab: Sleeping          |     9 |    21 ||    30
       Distracted        |     1 |     1 ||     2
  Eat: Chunk             |     2 |     8 ||    10
Armor: Robe              |    26 |   148 ||   174
Dodge: Dodged            |    88 |   285 ||   373

Table legend:
 A = Spawn XP
 B = Non-spawn XP
 C = Spawn XP percentage of total XP
 D = Spawn monster count
 E = Non-spawn monster count
 F = Spawn count percentage of total count
 G = Total turns spent on level
                    A         B        C        D         E        F      G
               +---------+---------+-------+---------+---------+-------+---------
         Total |       0 |     422 |   0.0 |       0 |     122 |   0.0 |  3511
               +---------+---------+-------+---------+---------+-------+---------
           D:1 |       0 |      68 |   0.0 |       0 |      36 |   0.0 |  1347
           D:2 |       0 |     105 |   0.0 |       0 |      17 |   0.0 |   834
           D:3 |       0 |      31 |   0.0 |       0 |       8 |   0.0 |   135
         Sewer |       0 |     218 |   0.0 |       0 |      61 |   0.0 |  1195
               +---------+---------+-------+---------+---------+-------+---------
